 Dungeon Crawl Stone Soup version 0.27-a0-223-ge082b6e869 (webtiles) character file.

Game seed: 5650421236403951843

1234 lunkers the Covert (level 8, -3/64 (73) HPs)
             Began as a Kobold Hunter on Feb 1, 2021.
             Slain by Grinder the hellwing (4 damage)
             ... on level 6 of the Dungeon.
             The game lasted 00:08:01 (6032 turns).

lunkers the Covert (Kobold Hunter)                  Turns: 6032, Time: 00:08:02

HP:   -3/64 (73)    AC:  5    Str: 10    XL:     8   Next: 77%
MP:   17/17         EV: 16    Int: 13    God:
Gold: 209           SH:  0    Dex: 22    Spells: 7/7 levels left

rFire    . . .     SeeInvis .   b - +2 dagger (venom)
rCold    . . .     Faith    .   (shield restricted)
rNeg     . . .     Spirit   .   c - +0 leather armour
rPois    .         Reflect  .   (no helmet)
rElec    .         Harm     .   n - +0 cloak
rCorr    .         Rampage  .   h - +0 pair of gloves
Will     .....                  (no boots)
Stlth    ..........             (no amulet)
HPRegen  0.20/turn              p - ring of magical power
MPRegen  0.15/turn              w - +6 ring of dexterity

@: berserking, heavily drained, very quick
A: small, nightstalker 3
a: no special abilities


You were on level 6 of the Dungeon.
You visited 1 branch of the dungeon, and saw 6 of its levels.

You collected 209 gold pieces.

Inventory:

Hand Weapons
 a - a +1 hand crossbow
 b - a +2 dagger of venom (weapon)
Missiles
 k - 45 bolts
 l - 8 poisoned darts (quivered)
Armour
 c - a +0 leather armour (worn)
 h - a +0 pair of gloves (worn)
 n - a +0 cloak (worn)
Jewellery
 p - a ring of magical power (left hand)
 w - a +6 ring of dexterity (right hand)
Wands
 u - a wand of polymorph (11)
Scrolls
 e - 4 scrolls of remove curse {unknown}
 g - a scroll of enchant armour {unknown}
 j - 4 scrolls of identify {unknown}
 q - a scroll of random uselessness {unknown}
 r - a scroll of enchant weapon {unknown}
 x - a scroll of immolation {unknown}
 y - a scroll of fog {unknown}
 B - a scroll of teleportation {unknown}
 C - a scroll of fear {unknown}
Potions
 d - a potion of cancellation {unknown}
 f - 2 potions of curing {unknown}
 i - 2 potions of berserk rage
 m - 2 potions of invisibility {unknown}
 o - a potion of lignification {unknown}
 s - a potion of mutation {unknown}
 t - a potion of brilliance {unknown}
 v - a potion of resistance {unknown}
 z - a potion of heal wounds {unknown}
 A - a potion of might {unknown}


   Skills:
 + Level 5.2 Fighting
 + Level 6.2 Short Blades
 - Level 4.8 Crossbows
 + Level 2.9 Dodging
 + Level 10.1 Stealth
 + Level 1.2 Evocations


You had 7 spell levels left.
You didn't know any spells.
Your spell library was empty.

Dungeon Overview and Level Annotations

Branches:
Dungeon (6/15)
 Temple: D:4-7

Altars:
Ashenzari
Cheibriados
Qazlal
Ru
Wu Jian
The Shining One

Annotations:
D:2 Robin
D:6 Grinder


Innate Abilities, Weirdness & Mutations

You are small and have problems with some larger weapons.
You are completely attuned to the shadows.


Message History

You closely miss Grinder.
Grinder is moderately wounded.
Grinder completely misses you. Grinder hits you.
* * * LOW HITPOINT WARNING * * *
You hit Grinder.
Grinder is heavily wounded.
Unknown command.
You puncture Grinder!
Grinder looks as sick as possible!
Grinder is severely wounded.
Grinder closely misses you. Grinder barely misses you.
Unknown command.
You hit Grinder but do no damage.
Grinder is severely wounded.
Unknown command.
You puncture Grinder!
Grinder is almost dead.
Grinder hits you!
* * * LOW HITPOINT WARNING * * *
Grinder hits you.
You die...

### ##_# ##.####
#.#.#.#
.........#.##..#
......<...##.####
#......?... ##.##
#........!.####.##
#.....@4...#..##†#
#.........#.#.#.#
###.##########.##
#.# #.##.## #.#
#....# #)# ##.####
#)# #..# #.# #.##
#)# #.#


You could see Grinder the hellwing (extremely poisoned).

Vanquished Creatures
  An ogre (D:4)
  A phantom (D:4)
  Blork the orc (D:4)
  A scorpion (D:5)
  3 wights (D:6)
  A howler monkey (D:4)
  6 orc priests
  Crazy Yiuf (D:2)
  A bullfrog skeleton (D:4)
  Jessica (D:2)
  Natasha (thrice) (D:2)
  2 iguanas
  2 orc wizards
  4 worker ants
  A hound skeleton (D:4)
  A howler monkey zombie (D:5)
  3 gnolls (D:5)
  8 adders
  2 oozes
  2 worms (D:2)
  4 dart slugs
  2 leopard geckos
  13 orcs
  3 ball pythons
  13 bats
  4 giant cockroaches
  17 goblins
  6 hobgoblins
  8 jackals
  4 quokkas
  6 frilled lizards (D:1)
  6 kobolds
  9 rats
140 creatures vanquished.

Notes
Turn   | Place    | Note
-------+----------+-------------------------------------------
     0 | D:1      | lunkers the Kobold Hunter began the quest for the Orb.
     0 | D:1      | Reached XP level 1. HP: 12/12 MP: 1/1
   128 | D:1      | Reached skill level 1 in Short Blades
   128 | D:1      | Reached XP level 2. HP: 18/18 MP: 2/2
   141 | D:1      | Reached skill level 2 in Stealth
   582 | D:1      | Reached XP level 3. HP: 22/22 MP: 3/3
  1098 | D:2      | Reached skill level 3 in Stealth
  1098 | D:2      | Reached XP level 4. HP: 28/28 MP: 4/4
  1142 | D:2      | Found a snail-covered altar of Cheibriados.
  1142 | D:2      | Noticed Jessica
  1143 | D:2      | Noticed Natasha
  1147 | D:2      | Killed Jessica
  1150 | D:2      | Killed Natasha
  1151 | D:2      | Reached XP level 5. HP: 26/32 MP: 5/5
  1234 | D:2      | Reached skill level 4 in Stealth
  1303 | D:2      | Noticed Natasha
  1308 | D:2      | Killed Natasha
  1366 | D:2      | Noticed Natasha
  1424 | D:2      | Killed Natasha
  1727 | D:2      | Found a glowing golden altar of the Shining One.
  1781 | D:2      | Found a runed translucent door.
  1784 | D:2      | Noticed Crazy Yiuf
  1846 | D:2      | Noticed Robin
  1869 | D:2      | Reached XP level 6. HP: 23/38 MP: 6/6
  2108 | D:2      | Killed Crazy Yiuf
  2475 | D:3      | Reached skill level 5 in Stealth
  2865 | D:3      | Reached XP level 7. HP: 24/44 MP: 7/7
  3080 | D:3      | Found an ornate altar of the Wu Jian Council.
  3135 | D:4      | Reached skill level 5 in Short Blades
  3357 | D:4      | Reached skill level 5 in Fighting
  3357 | D:4      | Reached skill level 6 in Stealth
  4172 | D:4      | Found a sacrificial altar of Ru.
  4215 | D:4      | Reached skill level 7 in Stealth
  4237 | D:4      | Reached XP level 8. HP: 49/49 MP: 8/8
  4259 | D:4      | Noticed Blork the orc
  4276 | D:4      | Killed Blork the orc
  4277 | D:4      | Reached skill level 8 in Stealth
  4368 | D:4      | Reached skill level 9 in Stealth
  4703 | D:5      | Entered Level 5 of the Dungeon
  4954 | D:5      | Reached skill level 10 in Stealth
  5005 | D:5      | Found a stormy altar of Qazlal.
  5466 | D:6      | Found a broken altar of Ashenzari.
  5702 | D:6      | Reached skill level 1 in Evocations
  5771 | D:6      | Noticed Grinder
  6008 | D:6      | Noticed Grinder
  6008 | D:6      | Grinder changed into Grinder the red devil
  6009 | D:6      | Noticed Grinder
  6009 | D:6      | Grinder the red devil changed into Grinder the hellwing
  6032 | D:6      | HP: 1/64 [Grinder the hellwing (8)]
  6032 | D:6      | Slain by Grinder the hellwing

Illustrated notes

Levels and vault maps discovered:
D:1:      psy_arrival_heroes, layout_basic, serial_forest,
          infiniplex_forest_clump_small, infiniplex_forest_lined_room_,
          infiniplex_forest_end_1, infiniplex_forest_lined_corner,
          infiniplex_forest_clump_small, infiniplex_forest_clump_curved,
          infiniplex_forest_straight_4
D:2:      layout_rooms, cheibriados_altar_1, tso_metal_star, uniq_jessica,
          uniq_robin, uniq_natasha, uniq_crazy_yiuf_cottage
D:3:      layout_basic, nzn_wu_jian_council_hall, kennysheep_generic_room_3
D:4:      layout_basic, nicolae_ru_awakened_eye, uniq_blork_the_orc
D:5:      layout_basic, grunt_qazlal_clouds
D:6:      layout_loops_ring, marbit_many_paths,
          gammafunk_temple_overflow_forgotten, minmay_temple_entry_offerings,
          gup_sewer_entry_glass, basic_altar, serial_shops,
          nicolae_shop_behind_doors, uniq_grinder

Skill      XL: |  1  2  3  4  5  6  7  8 |
---------------+-------------------------+-----
Short Blades   | 1 2 3 4 6 |  6.2
Stealth        | 2 3 4 5 7 10 | 10.1
Fighting       | 3 4 5 |  5.2
Evocations     | 1 |  1.2
Crossbows      | |  4.8
Dodging        | |  2.9

Action                   |  1- 3 |  4- 6 |  7- 9 || total
-------------------------+-------+-------+-------++-------
Melee: Dagger            |       |   122 |   267 ||   389
 Fire: Hand crossbow     |    54 |    21 |       ||    75
Throw: Dart              |       |    16 |    27 ||    43
Evoke: Wand              |       |       |     5 ||     5
  Use: Potion            |       |       |     1 ||     1
 Stab: Sleeping          |       |    12 |    11 ||    23
Armor: Leather armour    |     2 |    31 |    20 ||    53
       Skin              |       |       |     7 ||     7
Dodge: Dodged            |     9 |    90 |   146 ||   245

Table legend: (Time is in decaauts)
 A = Elapsed time spent in this place.
 B = Non-inter-level travel time spent in this place.
 C = Inter-level travel time spent in this place.
 D = Time resting spent in this place.
 E = Time spent auto-exploring this place.
 F = Levels seen in this place.
 G = Mean time per level.
                   A        B        C        D        E       F      G
               +--------+--------+--------+--------+--------+-----+--------+
         Total |   5943 |   5781 |    162 |    275 |   4524 |   6 |  990.5 |
       Dungeon |   5943 |   5781 |    162 |    275 |   4524 |   6 |  990.5 |
               +--------+--------+--------+--------+--------+-----+--------+

Top non-repeatable levels by time:
     D:4: 1345 daAuts
     D:2: 1202 daAuts
     D:1: 1057 daAuts
     D:3: 1054 daAuts
     D:5: 686 daAuts
     D:6: 597 daAuts
